Map: 2000 Atmospheres LE

Players

HeroMarine - Winner!

  • Race: Terran Terran

Solar

  • Race: Zerg Zerg

Event: IEM Katowice 2022

VOD

Have the link to the VOD?

Description

Time

  • Played on: Feb. 26, 2022, 3:19 p.m.
  • Length: 14:57

All games in this series

Show
View Real Time Build Order
Export as new Build Order

HeroMarine Terran - Winner!

Build Orders: Reaper Expand 

Get SALT Encoding   

  12  0:00  SCV  
  13  0:12  SCV  
  14  0:17  Supply Depot  
  14  0:24  SCV  
  15  0:38  SCV  
  15  0:39  Barracks  
  16  0:43  Refinery  
  16  0:50  SCV  
  17  1:02  SCV  
  18  1:14  SCV  
  19  1:27  Reaper, Orbital Command  
  20  1:38  Command Center  
  20  1:46  Supply Depot  
  20  1:52  SCV  
  21  1:59  Marine  
  22  2:04  SCV  
  22  2:07  Factory  
  23  2:16  SCV  
  23  2:22  Barracks Reactor  
  24  2:29  SCV  
  25  2:39  Command Center  
  25  2:41  SCV  
  26  2:51  Orbital Command  
  26  2:53  SCV  
  27  3:02  Hellion x2  
  27  3:05  SCV  
  32  3:07  Barracks  
  32  3:08  Barracks Tech Lab  
  32  3:17  SCV x2  
  34  3:23  Hellion x2  
  34  3:27  Stimpack, Marine  
  38  3:29  SCV  
  38  3:32  SCV  
  41  3:37  Refinery  
  41  3:41  SCV  
  41  3:44  SCV  
  41  3:45  Marine  
  44  3:52  Orbital Command  
  44  3:53  SCV  
  45  3:56  SCV  
  45  3:57  Starport  
  45  4:01  Marine  
  45  4:02  Marine  
  48  4:03  Marine  
  48  4:05  SCV  
  48  4:06  Refinery  
  48  4:07  Factory Reactor  
  48  4:08  SCV  
  51  4:14  Supply Depot  
  51  4:17  SCV  
  51  4:20  SCV  
  51  4:24  SCV, Marine x2  
  50  4:25  Marine  
  50  4:30  SCV  
  53  4:32  SCV  
  53  4:36  SCV  
  53  4:38  Supply Depot  
  55  4:42  SCV, Marine x3  
  55  4:44  SCV  
  60  4:47  Barracks, Medivac x2  
  60  4:48  SCV  
  60  4:52  Factory Tech Lab  
  65  4:55  Engineering Bay  
  65  4:56  Engineering Bay  
  65  4:58  SCV x2  
  65  4:59  Refinery  
  67  5:00  SCV, Marine  
  67  5:02  Marine  
  67  5:03  Marine  
  71  5:08  Supply Depot  
  71  5:10  SCV x2, Orbital Command  
  73  5:14  Siege Tank  
  73  5:18  Marine  
  73  5:19  Supply Depot  
  77  5:22  Supply Depot  
  77  5:28  Terran Infantry Armor Level 1, Terran Infantry Weapons Level 1  
  77  5:29  SCV x2, Marine x2  
  77  5:34  Supply Depot  
  82  5:36  Combat Shield  
  82  5:38  Supply Depot  
  82  5:40  SCV  
  82  5:41  SCV  
  82  5:42  Starport Reactor  
  83  5:43  SCV  
  84  5:52  SCV  
  84  5:53  SCV, Marine x2  
  84  5:54  Marine x3  
  84  5:55  SCV  
  92  6:01  Siege Tank  
  95  6:05  SCV x2  
  95  6:09  SCV  
  98  6:11  Marine x2  
  98  6:15  Marine  
  98  6:16  Supply Depot, Barracks x2  
  98  6:17  Marine  
  102  6:20  SCV x2  
  102  6:21  SCV  
  105  6:26  Supply Depot, Marine  
  105  6:29  Supply Depot, Marine, Medivac  
  105  6:30  Medivac  
  105  6:32  Marine  
  112  6:33  Marine, Siege Tank  
  112  6:39  SCV x3  
  119  6:41  Marine  
  119  6:44  Marine  
  119  6:45  Refinery  
  119  6:47  Marine, Armory  
  121  6:49  Marine  
  121  6:51  SCV x3  
  121  6:53  Marine  
  121  6:54  Supply Depot x2  
  127  6:58  Marine  
  128  7:01  Marine  
  128  7:04  Marine  
  128  7:06  Siege Tank  
  128  7:07  Marine  
  136  7:08  Barracks Reactor x2  
  134  7:16  Medivac  
  134  7:17  Marine x2, Medivac  
  134  7:19  Marine  
  134  7:22  Marine  
  137  7:25  Marine  
  139  7:32  Barracks  
  139  7:33  Barracks  
  139  7:35  Barracks, Marine x2  
  141  7:37  Marine  
  141  7:38  Siege Tank  
  141  7:40  Marine  
  141  7:43  Marine  
  147  7:45  Marine x2  
  147  7:48  Marine, Command Center  
  147  7:49  Marine  
  151  7:53  Marine x2  
  151  7:55  Marine, Medivac  
  151  7:56  Medivac  
  141  8:10  Marine x2, Siege Tank  
  141  8:12  Marine x4  
  127  8:14  Marine x2  
  127  8:16  Refinery  
  127  8:17  Marine  
  131  8:20  Factory  
  131  8:22  Terran Infantry Armor Level 2  
  131  8:23  Terran Infantry Weapons Level 2  
  131  8:25  Medivac  
  131  8:26  SCV  
  131  8:27  SCV x2  
  137  8:28  Marine x2  
  137  8:30  Marine x4  
  137  8:31  Barracks Tech Lab x2  
  143  8:35  Medivac  
  143  8:36  Marine x2  
  143  8:39  SCV  
  148  8:45  Marauder  
  148  8:46  Drilling Claws, Barracks Tech Lab  
  148  8:47  Widow Mine  
  151  8:49  Marine x4  
  151  8:55  Marauder  
  157  8:59  Marine x3, Marauder  
  157  9:02  Supply Depot  
  162  9:04  Terran Vehicle And Ship Armor Level 1  
  162  9:06  Marauder  
  164  9:10  Marauder  
  164  9:11  Marine  
  164  9:12  Marine x2  
  164  9:16  Marauder  
  171  9:17  Marine x3  
  171  9:18  Medivac  
  171  9:19  Medivac  
  171  9:21  Marauder  
  179  9:28  Marauder  
  179  9:29  Marine x2  
  183  9:34  Factory Reactor  
  183  9:38  Marine x2, Marauder x2  
  188  9:48  Marine  
  188  9:49  Widow Mine, Marine, Marauder  
  188  9:50  Supply Depot, Marauder, Medivac  
  187  9:53  Medivac  
  187  9:54  Marine  
  187  9:55  Marine  
  187  9:57  Marine  
  188  10:02  Marauder  
  188  10:07  Planetary Fortress  
  188  10:11  Marine x4  
  188  10:12  Widow Mine, Marauder  
  196  10:20  Marauder x2  
  196  10:21  Marine x2  
  194  10:23  Command Center  
  196  10:32  Widow Mine x2, Medivac  
  196  10:33  Medivac  
  196  10:35  Widow Mine  
  192  10:42  Supply Depot  
  192  10:47  Marauder  
  186  10:50  Marine x2  
  186  10:52  Marauder  
  186  10:53  Widow Mine  
  186  10:54  Widow Mine  
  186  10:56  Widow Mine, Marauder x2, Marine  
  186  10:57  Marine  
  166  10:59  Marine x2, Ghost Academy  
  166  11:00  Terran Infantry Weapons Level 3  
  166  11:02  Medivac  
  166  11:03  Medivac  
  167  11:10  Terran Infantry Armor Level 3  
  165  11:17  Marine x2  
  158  11:18  Marine  
  158  11:21  Marine x2  
  158  11:22  Marine x3, Marauder x3  
  158  11:24  SCV  
  158  11:25  SCV  
  170  11:27  SCV, Refinery x2  
  170  11:28  Marauder  
  173  11:35  Marine x2  
  173  11:36  Marine  
  173  11:39  SCV, Marine  
  175  11:43  Marauder  
  175  11:46  Marine x2  
  172  11:48  Widow Mine x2  
  173  11:55  Marine x2, Marauder x2  
  173  11:57  Ghost  
  173  11:59  Medivac  
  180  12:03  Ghost  
  172  12:15  Ghost  
  172  12:16  Ghost  
  172  12:23  Widow Mine x2  
  172  12:24  Widow Mine, SCV x2  
  172  12:25  Ghost  
  172  12:27  SCV  
  172  12:29  Command Center  
  183  12:32  Ghost  
  183  12:36  Marine x3  
  183  12:37  Marine x4  
  188  12:38  Marine  
  193  12:44  Widow Mine, Ghost x2  
  199  12:53  Command Center  
  199  12:57  Personal Cloaking  
  199  12:59  Planetary Fortress  
  197  13:11  Ghost  
  197  13:12  Ghost  
  191  13:14  Marine x2  
  191  13:15  Marine x2  
  195  13:20  Ghost x2  
  195  13:21  Marine  
  194  14:03  Ghost  
  194  14:04  Widow Mine x2, Ghost  
  194  14:07  Ghost  
  198  14:10  Ghost  
  198  14:11  Marine  
  198  14:16  Orbital Command  
  189  14:19  Marine x2  
  189  14:20  Command Center  
  189  14:21  Command Center  
  189  14:22  Marine x2  
  193  14:29  Orbital Command  
Show
View Real Time Build Order
Export as new Build Order

Solar Zerg 

Build Orders: Hatch First, Lurkers 

Get SALT Encoding   

  12  0:00  Drone  
  13  0:12  Overlord  
  13  0:17  Drone  
  14  0:31  Drone x2  
  16  0:47  Hatchery  
  15  0:51  Drone  
  15  0:54  Drone  
  17  0:57  Drone  
  18  1:08  Extractor  
  17  1:12  Spawning Pool  
  17  1:16  Drone  
  17  1:19  Drone  
  18  1:27  Drone  
  19  1:39  Drone  
  20  1:49  Drone  
  21  1:59  Queen x2  
  21  2:00  Zergling x4  
  27  2:13  Metabolic Boost  
  27  2:15  Overlord  
  27  2:16  Zergling x2  
  28  2:27  Hatchery  
  28  2:29  Drone  
  28  2:34  Drone  
  29  2:39  Queen  
  29  2:43  Drone  
  32  2:46  Overlord  
  32  2:53  Drone x2  
  32  2:54  Drone  
  32  2:56  Drone  
  36  3:05  Drone x2  
  36  3:08  Drone x3  
  41  3:13  Queen  
  41  3:17  Overlord  
  41  3:19  Drone  
  44  3:29  Overlord  
  44  3:38  Drone x2  
  44  3:39  Drone x5  
  44  3:40  Queen  
  53  3:48  Drone x2  
  55  3:49  Drone  
  55  3:52  Queen  
  55  3:54  Overlord  
  58  3:56  Drone  
  58  3:57  Zergling x2  
  58  4:00  Zergling x2  
  58  4:02  Overlord  
  61  4:03  Drone  
  62  4:10  Overlord  
  62  4:13  Drone x2  
  61  4:20  Drone x3  
  61  4:21  Drone  
  61  4:23  Drone x3, Extractor  
  61  4:24  Drone  
  66  4:26  Queen  
  66  4:28  Drone  
  69  4:33  Evolution Chamber  
  69  4:34  Drone x2  
  69  4:35  Evolution Chamber  
  69  4:38  Overlord  
  69  4:44  Drone  
  69  4:45  Drone  
  71  4:46  Drone  
  71  4:48  Extractor  
  71  4:56  Drone x5  
  71  4:59  Drone x2  
  78  5:00  Drone  
  78  5:02  Hatchery, Zerg Ground Armor Level 1  
  78  5:05  Zerg Melee Weapons Level 1  
  78  5:09  Overlord  
  78  5:11  Baneling Nest  
  78  5:12  Drone x2  
  79  5:14  Drone x2  
  79  5:15  Extractor x2  
  79  5:19  Drone  
  79  5:20  Zergling x6  
  83  5:26  Lair  
  83  5:27  Zergling x6  
  86  5:30  Drone  
  86  5:32  Zergling x6  
  86  5:33  Zergling x2  
  86  5:34  Zergling x2  
  86  5:35  Spore Crawler  
  91  5:40  Overlord  
  91  5:41  Drone  
  92  5:43  Zergling x8  
  95  5:51  Overlord  
  95  5:54  Overlord  
  95  5:55  Baneling  
  95  5:56  Baneling x8  
  95  5:57  Overlord  
  95  5:58  Overlord  
  95  5:59  Drone x2  
  97  6:04  Overlord  
  97  6:06  Overlord  
  97  6:10  Zergling x2  
  98  6:11  Drone x2  
  98  6:13  Drone  
  98  6:14  Drone  
  98  6:16  Zergling x4  
  98  6:17  Zergling x2  
  105  6:20  Queen  
  107  6:25  Hatchery, Drone  
  107  6:26  Drone x2  
  107  6:27  Baneling x4  
  107  6:28  Drone x2  
  107  6:31  Zergling x6  
  114  6:34  Zergling x2  
  114  6:35  Zergling x2  
  114  6:37  Zergling x2  
  114  6:40  Overlord  
  114  6:41  Zergling x4  
  115  6:48  Zergling x2  
  115  6:49  Drone  
  115  6:50  Drone  
  115  6:52  Baneling x4  
  115  6:53  Pneumatized Carapace  
  115  6:54  Overseer  
  118  6:55  Zergling x14  
  126  7:01  Zergling x14  
  126  7:05  Drone x2  
  132  7:10  Drone  
  132  7:12  Drone  
  135  7:15  Zergling x4  
  135  7:19  Drone  
  135  7:24  Drone x2  
  135  7:25  Baneling x2  
  135  7:28  Zerg Ground Armor Level 2, Zerg Melee Weapons Level 2  
  135  7:29  Infestation Pit  
  136  7:30  Hatchery, Drone x3  
  136  7:31  Zergling x8  
  136  7:32  Baneling x4, Hydralisk Den  
  136  7:35  Centrifugal Hooks  
  141  7:45  Zergling x10  
  141  7:46  Baneling x8  
  146  7:51  Zergling x6  
  146  7:56  Zergling x6  
  143  8:04  Zergling x16  
  126  8:08  Zergling x4  
  126  8:09  Zergling x2  
  126  8:10  Zergling x6  
  113  8:14  Zergling x8  
  113  8:17  Baneling x10  
  113  8:18  Hive  
  117  8:20  Queen  
  117  8:21  Zergling x6  
  117  8:25  Zergling x4  
  124  8:29  Extractor  
  124  8:30  Zergling x2  
  124  8:31  Zergling x2  
  125  8:34  Baneling x2  
  125  8:36  Zergling x2  
  125  8:37  Zergling x2  
  125  8:38  Overlord  
  124  8:42  Baneling x5  
  124  8:43  Zergling x8  
  124  8:44  Zergling x4  
  124  8:46  Zergling x10  
  135  8:51  Zergling x4  
  135  8:55  Zergling x6  
  140  8:58  Lurker Den  
  140  9:00  Extractor  
  140  9:02  Zergling x4  
  139  9:05  Zergling x4  
  139  9:08  Baneling x2  
  139  9:09  Drone  
  141  9:11  Zergling x4  
  141  9:12  Zergling x2  
  141  9:13  Zergling x12  
  141  9:16  Zergling x8  
  154  9:19  Overlord  
  154  9:21  Hatchery  
  154  9:23  Overlord  
  153  9:24  Overlord  
  153  9:25  Grooved Spines  
  153  9:29  Zergling x10  
  158  9:32  Baneling x10  
  155  9:38  Hydralisk x3  
  155  9:40  Viper  
  155  9:42  Viper  
  155  9:45  Overseer, Zerg Missile Weapons Level 1  
  157  9:52  Zergling x2  
  157  9:53  Zergling x18  
  157  9:57  Seismic Spines, Extractor  
  165  10:02  Adrenal Glands  
  165  10:04  Zergling x8  
  165  10:06  Zergling x4  
  170  10:08  Zergling x2  
  170  10:09  Zergling x4  
  170  10:15  Zergling x2  
  170  10:16  Zergling x10  
  169  10:22  Zergling x6  
  169  10:23  Baneling x4  
  169  10:26  Zergling x10  
  176  10:32  Hydralisk x2  
  161  10:38  Hydralisk x2  
  161  10:39  Baneling  
  161  10:40  Baneling x8  
  161  10:41  Zergling x8  
  169  10:43  Zergling x4  
  169  10:45  Drone  
  162  10:52  Zergling x2  
  162  10:53  Zergling x4  
  162  10:56  Hydralisk x3  
  150  11:00  Zergling x4  
  150  11:01  Zergling x6  
  150  11:03  Adaptive Talons  
  150  11:06  Queen  
  150  11:07  Zergling x4  
  150  11:10  Hydralisk  
  148  11:14  Zergling x10  
  145  11:26  Hatchery  
  145  11:27  Lurker x5  
  145  11:28  Lurker  
  145  11:30  Lurker  
  145  11:31  Baneling x2  
  145  11:32  Baneling  
  151  11:33  Lurker  
  151  11:36  Zergling x4  
  152  11:41  Lurker x3  
  152  11:44  Zergling x2  
  141  11:48  Zergling x12  
  143  11:55  Hydralisk x2  
  144  12:07  Hydralisk x4  
  151  12:13  Baneling x7  
  151  12:20  Viper  
  154  12:31  Overlord  
  154  12:35  Zergling x4  
  154  12:36  Hatchery  
  155  12:44  Baneling x3  
  155  12:45  Spore Crawler  
  155  12:46  Overseer  
  155  12:48  Lurker x4  
  158  12:51  Hydralisk  
  158  12:54  Drone x2  
  158  12:55  Drone  
  163  12:59  Zergling x8  
  163  13:02  Drone  
  163  13:05  Zergling x6  
  169  13:09  Hydralisk x2  
  165  13:13  Evolution Chamber  
  165  13:18  Overseer  
  164  13:24  Overseer  
  164  13:27  Hydralisk  
  164  13:28  Hydralisk  
  164  13:32  Overlord  
  165  13:35  Zergling x8  
  165  13:37  Zergling x2  
  165  13:39  Zergling x4  
  161  13:48  Zergling x8  
  165  13:56  Nydus Network  
  165  13:57  Zergling x10  
  165  14:02  Zergling x4  
  155  14:06  Zergling x8  
  146  14:10  Hydralisk x2  
  146  14:15  Zergling x6  
  143  14:19  Zergling x10  
  140  14:26  Hydralisk x2  
  140  14:30  Zergling x6  
  146  14:33  Nydus Canal  
  146  14:36  Drone x2  

Tags
 
Add a new tag
Caveats
  • Supply blocks, unpowered buildings, or Contaminate may cause inaccurate times.
  • Supply counts are checked every 10 seconds.